 Dungeon Crawl Stone Soup version 0.29-a0-557-g43b9904bd1 (webtiles) character file.

Game seed: 10942451934886741175

39 Hubjo the Insei (level 3, 0/27 HPs)
             Began as a Demonspawn Transmuter on June 8, 2022.
             Frozen to death by an endoplasm (2 damage)
             ... on level 2 of the Dungeon.
             The game lasted 00:01:49 (1477 turns).

Hubjo the Insei (Demonspawn Transmuter)             Turns: 1477, Time: 00:01:50

Health: 0/27       AC:  2    Str: 10    XL:     3   Next: 28%
Magic:  6/6        EV: 12    Int: 14    God:
Gold:   19         SH:  0    Dex: 15    Spells: 5/6 levels left

rFire   . . .      SeeInvis .     - Unarmed
rCold   . . .      Faith    .   (no shield)
rNeg    . . .      Spirit   .   a - +0 robe
rPois   .          Reflect  .   (helmet currently unavailable)
rElec   .          Harm     .   (no cloak)
rCorr   .          Rampage  .   (no gloves)
Will    .....                   (boots currently unavailable)
Stlth   ++........              (no amulet)
HPRegen 0.09/turn               (no ring)
MPRegen 0.10/turn               (no ring)

@: appendages (expiring), invisible
A: horns 2, talons 2, foul stench 1, demonic magic 1
a: End Transformation


You were on level 2 of the Dungeon.
You had temporarily grown beastly horns and talons.
You visited 1 branch of the dungeon, and saw 2 of its levels.

You collected 19 gold pieces.

Inventory:

Armour
 a - a +0 robe (worn)
Scrolls
 e - a scroll of amnesia {unknown}
 f - 2 scrolls of magic mapping {unknown}
 g - a scroll of fog {unknown}
 h - a scroll of brand weapon {unknown}
Potions
 b - a potion of lignification
 c - a potion of invisibility
 d - a potion of heal wounds {unknown}


   Skills:
 + Level 2.0 Fighting
 - Level 1.7 Dodging
 + Level 1.0 Stealth
 + Level 2.9 Unarmed Combat
 + Level 2.3 Spellcasting
 * Level 2.1 Transmutations


You had 5 spell levels left.
You knew the following spells:

 Your Spells              Type           Power      Damage    Failure   Level
a - Beastly Appendage     Tmut           14%        N/A       10%         1

Your spell library contained the following spells:

 Spells                   Type           Power      Damage    Failure   Level
 Wereblood                Tmut           7%         N/A       14%         2
 Spider Form              Tmut/Pois      4%         N/A       41%         3
 Ice Form                 Ice/Tmut       4%         N/A       83%         4


Dungeon Overview and Level Annotations

Branches:
Dungeon (2/15)

Altars:


Innate Abilities, Weirdness & Mutations

You have temporarily grown beastly horns and talons.
You may rarely emit foul miasma when damaged in melee.
Spells you cast may paralyse adjacent enemies.


Message History

You hit the worm. You claw the worm.
The worm is almost dead.
The endoplasm freezes you.
You are frozen.
The worm bites you.
You barely miss the worm. You claw the worm.
You kill the worm!
The endoplasm freezes you.
You are frozen.
The endoplasm freezes you.
You are frozen.
Your Stealth skill increases to level 1!
You barely miss the kobold.
Your transformation is almost over.
The endoplasm freezes you.
You are frozen.
The endoplasm hits you but does no damage.
The kobold hits you with a +0 dagger.
You emit a cloud of foul miasma!
The adder closely misses you.
You hit the adder. Your kick misses the adder.
The adder is moderately wounded.
The adder bites you but does no damage. The endoplasm freezes you.
You are frozen.
The endoplasm freezes you.
You are frozen.
* * * LOW HITPOINT WARNING * * *
The kobold is engulfed in dark miasma.
The kobold is poisoned.
The kobold hits you with a +0 dagger.
* * * LOW HITPOINT WARNING * * *
You are too injured to fight recklessly!
It was a potion of invisibility.
You fade into invisibility!
The adder barely misses you. The endoplasm misses you.
The endoplasm freezes you.
* * * LOW HITPOINT WARNING * * *
The kobold is engulfed in dark miasma.
The kobold looks even sicker.
You kill the kobold!
Okay, then.
The endoplasm freezes you.
You die...

..####''####..####.....#
##........##.........>#
##..........##..##.....#
##............##..#......
##..............##........
#................##..†.###
#.......§J........ #....#
#........S........ #.####
#.......≈J@≈...... #.#
#......:.≈≈....... #.###
#........≈≈..:.... #..<#
?......≈.?≈...... #.###
................. #.#
..(.......(..... #.#
................ #.#
..............# #.# #.#


You could see an adder (can't see you) and 2 endoplasms.

Vanquished Creatures
  A worm (D:2)
  A dart slug (D:1)
  4 ball pythons (D:1)
  2 bats (D:1)
  2 endoplasms
  2 giant cockroaches (D:1)
  5 goblins (D:1)
  A hobgoblin (D:1)
  A quokka (D:1)
  A frilled lizard (D:1)
  5 kobolds
  7 rats
32 creatures vanquished.

Notes
Turn   | Place    | Note
-------+----------+-------------------------------------------
     0 | D:1      | Hubjo the Demonspawn Transmuter began the quest for the
                  | Orb.
     0 | D:1      | Reached XP level 1. HP: 15/15 MP: 3/3
   216 | D:1      | Gained mutation: You may rarely emit foul miasma when
                  | damaged in melee. [demonic ancestry]
   216 | D:1      | Reached XP level 2. HP: 19/21 MP: 3/5
  1057 | D:1      | Gained mutation: Spells you cast may paralyse adjacent
                  | enemies. [demonic ancestry]
  1057 | D:1      | Reached XP level 3. HP: 27/27 MP: 4/6
  1474 | D:2      | Reached skill level 1 in Stealth
  1477 | D:2      | Frozen to death by an endoplasm

Illustrated notes

Levels and vault maps discovered:
D:1:      scummos_arrival_simple_crosswalls, layout_loops_ring, serial_forest,
          infiniplex_forest_split, infiniplex_forest_lined_room_2,
          infiniplex_forest_straight_5, infiniplex_forest_side_room,
          infiniplex_forest_clump_double, infiniplex_forest_lined_3,
          infiniplex_forest_lined_room_2, infiniplex_forest_clump_tiny
D:2:      kennysheep_big_flooded_room, layout_basic, serial_co_window_serial,
          co_window_paths_a, co_window_of_opportunity_a, co_window_paths_a,
          co_window_of_opportunity_a, co_window_paths_a, co_window_corner_b,
          co_window_corner_b, co_window_cross_4, co_window_4corner_b,
          glass_columns_b, glass_columns_b, glass_columns_b, glass_columns_b,
          glass_columns_a, uniq_natasha, uniq_sigmund, uniq_terence

Skill      XL: |  1  2  3 |
---------------+----------+-----
Transmutations | 2 |  2.1
Fighting       | 2 |  2.0
Stealth        | 1 |  1.0
Dodging        | |  1.7
Unarmed Combat | |  2.9
Spellcasting   | |  2.3

Action                   || total
-------------------------++-------
Melee: Unarmed           ||    78
       Kick              ||    13
       Headbutt          ||     6
       Punch             ||     1
 Cast: Beastly Appendage ||    23
  Use: Potion            ||     1
 Stab: Sleeping          ||     3
Armor: Robe              ||    17
Dodge: Dodged            ||    50

Table legend: (Time is in decaauts)
 A = Elapsed time spent in this place.
 B = Non-inter-level travel time spent in this place.
 C = Inter-level travel time spent in this place.
 D = Time resting spent in this place.
 E = Time spent auto-exploring this place.
 F = Levels seen in this place.
 G = Mean time per level.
                   A        B        C        D        E       F      G
               +--------+--------+--------+--------+--------+-----+--------+
         Total |   1472 |   1419 |     53 |      0 |   1218 |   2 |  736.0 |
       Dungeon |   1472 |   1419 |     53 |      0 |   1218 |   2 |  736.0 |
               +--------+--------+--------+--------+--------+-----+--------+

Top non-repeatable levels by time:
     D:1: 1426 daAuts
     D:2: 46 daAuts
